 Dungeon Crawl Stone Soup version 0.16.1-4-g8e1b745 (console) character file.

24 gw the Bolt Thrower (level 3, -2/20 HPs)
             Began as a Tengu Arcane Marksman on Mar 27, 2015.
             Slain by Terence
             ... wielding a +0 hand axe
              (6 damage)
             ... on level 2 of the Dungeon.
             The game lasted 00:01:26 (1674 turns).

gw the Bolt Thrower (Tengu Arcane Marksman)         Turns: 1674, Time: 00:01:27

Health: -2/20      AC:  2    Str: 11    XL:     3   Next: 2%
Magic:  0/6        EV: 12    Int: 14    God:
Gold:   58         SH:  0    Dex: 13    Spells: 1 memorised, 4 levels left

rFire  . . .     SeeInvis .     b - +0 short sword
rCold  . . .     Clarity  .     a - +0 robe
rNeg   . . .     SustAb   .     (no shield)
rPois  .         Gourm    .     (helmet restricted)
rElec  .         Spirit   .     (no cloak)
rCorr  .         Warding  .     (no gloves)
rMut   .         Stasis   .     (boots unavailable)
MR     .....                    (no amulet)
Stlth  +.........               (no ring)
                                (no ring)

@: very slightly contaminated, not resistant to hostile enchantments, very
unstealthy
A: beak, talons 3
a: no special abilities


You were on level 2 of the Dungeon.
You were not hungry.

You visited 1 branch of the dungeon, and saw 2 of its levels.

You collected 58 gold pieces.

Inventory:

Hand weapons
 b - a +0 short sword (weapon)
 j - a +0 hand crossbow
Missiles
 c - 29 bolts
Armour
 a - a +0 robe (worn)
Scrolls
 e - 3 scrolls of identify
 i - a scroll of remove curse
 l - 3 scrolls of amnesia
Potions
 h - a potion of might {unknown}
 k - a potion of restore abilities {unknown}
 m - a potion of heal wounds {unknown}
Books
 d - a book of Debilitation

   Spells                             Type                      Level
   a - Corona                         Hexes                        1
   b - Slow                           Hexes                        2
   c - Inner Flame                    Hexes/Fire                   3
   d - Enslavement                    Hexes                        4
   e - Cause Fear                     Hexes                        4
   f - Leda's Liquefaction            Hexes/Earth                  4
Comestibles
 f - 2 bread rations
 g - 2 meat rations


   Skills:
 + Level 1.2 Fighting
 + Level 2.8 Crossbows
 + Level 2.2 Dodging
 * Level 1.6 Spellcasting
 + Level 2.3 Hexes


You had 4 spell levels left.
You knew the following spells:

 Your Spells              Type           Power        Failure   Level  Hunger
a - Corona                Hex            #......      12%         1    ##.....


Dungeon Overview and Level Annotations

Branches:
Dungeon (2/15)

Altars:

Annotations:
D:2 Terence


Innate Abilities, Weirdness & Mutations

You have a beak for a mouth.
You have claws for feet.


Message History

Terence is heavily wounded.
Terence stops glowing.
Terence hits you with a hand axe.
Unknown command.
Unknown command.
Unknown command.
Unknown command.
Casting: Corona
Confirm with . or Enter, or press ? or * to list all spells.
Aiming: Corona
Press: ? - help, Shift-Dir - straight line, f/p - Terence
Aim: Terence, wielding a hand axe and wearing a scale mail (heavily wounded, chance 50%)
You miscast Corona.
Your hands glow momentarily.
Terence closely misses you.
Casting: Corona
Confirm with . or Enter, or press ? or * to list all spells.
Aiming: Corona
Press: ? - help, Shift-Dir - straight line, f/p - Terence
Aim: Terence, wielding a hand axe and wearing a scale mail (heavily wounded, chance 50%) Terence resists with significant effort.
Terence hits you with a hand axe.
You die...

#. #.##
#... #..#
#..# #
#..##.##.>
#.lK......#
#@# # #Q#
.#
#.##.###.#
#........#
#.......##
#.##.......
#.##....##
#.##.#.##
#.##.#.#
#.##.#.#


You could see Terence, a giant gecko and a kobold.

Table legend:
 A = Turns spent in this place as a percentage of turns spent in the entire game.
 B = Non-inter-level travel turns spent in this place as a percentage of non-inter-level travel turns spent in the entire game.
 C = Inter-level travel turns spent in this place as a percentage of turns spent in this place.
 D = Turns resting spent in this place as a percentage of non-inter-level travel turns spent in this place.
 E = Turns spent auto-exploring this place as a percentage of non-inter-level travel turns spent in this place.
 F = Non-inter-level travel turns spent in this place divided by the number of levels of this place that you've seen.
                   A       B       C       D       E      F
               +-------+-------+-------+-------+-------+----------------------
         Total | 100.0 | 100.0 |   0.4 |   3.3 |   2.7 | 984.0
       Dungeon | 100.0 | 100.0 |   0.4 |   3.3 |   2.7 | 984.0
               +-------+-------+-------+-------+-------+----------------------

Table legend:
 A = Kills in this place as a percentage of kills in entire the game.
 B = Kills by you in this place as a percentage of kills by you in the entire game.
 C = Kills by friends in this place as a percentage of kills by friends in the entire game.
 D = Other kills in this place as a percentage of other kills in the entire game.
 E = Experience gained in this place as a percentage of experience gained in the entire game.
 F = Experience gained in this place divided by the number of levels of this place that you have seen.
                   A       B       C       D       E      F
               +-------+-------+-------+-------+-------+----------------------
         Total | 100.0 | 100.0 |  -nan |  -nan | 100.0 |  17.5
       Dungeon | 100.0 | 100.0 |  -nan |  -nan | 100.0 |  17.5
               +-------+-------+-------+-------+-------+----------------------

Vanquished Creatures
  A giant gecko (D:1)
  6 goblins
  2 hobgoblins (D:1)
  3 bats
  3 giant newts
  8 kobolds
  2 rats
25 creatures vanquished.

Notes
Turn   | Place    | Note
--------------------------------------------------------------
     0 | D:1      | gw, the Tengu Arcane Marksman, began the quest for the Orb.
     0 | D:1      | Reached XP level 1. HP: 12/12 MP: 2/2
   126 | D:1      | Reached XP level 2. HP: 10/16 MP: 0/4
  1455 | D:2      | Reached XP level 3. HP: 15/20 MP: 4/6
  1658 | D:2      | Noticed Terence
  1674 | D:2      | Slain by Terence

Action                   || total
-------------------------++-------
Melee: Short sword       ||    21
 Fire: Hand crossbow     ||    28
 Cast: Corona            ||    34
  Use: Scroll            ||     4
       Potion            ||     2
  Eat: Chunk             ||     3

Vault maps used:
D:1:      minmay_arrival_four_circles
D:2:      minmay_strange_pillars, hangedman_abyss_or_decor_stabs, uniq_terence
